 Dungeon Crawl Stone Soup version 0.21.1-1-g345015fe64 (webtiles) character file.

30 Evaline the Caller (level 3, 0/25 HPs)
             Began as a Merfolk Summoner on June 10, 2018.
             Slain by a crimson imp (2 damage)
             ... on level 3 of the Dungeon.
             The game lasted 00:16:37 (2334 turns).

Evaline the Caller (Merfolk Summoner)               Turns: 2334, Time: 00:16:38

Health: 0/25       AC:  2    Str:  8    XL:     3   Next: 18%
Magic:  4/6        EV: 13    Int: 15    God:
Gold:   49         SH:  0    Dex: 14    Spells: 6/7 levels left

rFire    . . .     SeeInvis .   o - +0 short sword
rCold    . . .     Gourm    .   (no shield)
rNeg     . . .     Faith    .   a - +0 robe
rPois    .         Spirit   .   (no helmet)
rElec    .         Reflect  .   (no cloak)
rCorr    .         Harm     .   (no gloves)
MR       .....                  (no boots)
Stlth    ++........             (no amulet)
HPRegen  0.08/turn              (no ring)
MPRegen  0.10/turn              (no ring)

@: no status effects
A: change form in water, swift swim, stealthy swim
a: no special abilities


You were on level 3 of the Dungeon.
You were not hungry.

You visited 1 branch of the dungeon, and saw 3 of its levels.

You collected 49 gold pieces.

Inventory:

Hand Weapons
 g - a +0 club
 i - a +0 dagger
 o - a +0 short sword (weapon)
Missiles
 e - 25 stones (quivered)
 l - 15 sling bullets
Armour
 a - a +0 robe (worn)
Scrolls
 d - 3 scrolls of remove curse {unknown}
 f - 3 scrolls of identify {unknown}
 j - 2 scrolls of teleportation {unknown}
 k - a scroll of enchant armour {unknown}
 m - 2 scrolls of enchant weapon {unknown}
Potions
 h - 3 potions of lignification {unknown}
 n - a potion of degeneration {unknown}
Books
 b - a book of Callings

   Spells                             Type                      Level
   a - Summon Small Mammal            Summoning                    1
   b - Call Imp                       Summoning                    2
   c - Call Canine Familiar           Summoning                    3
   d - Summon Guardian Golem          Hexes/Summoning              3
   e - Summon Lightning Spire         Summoning/Air                4
   f - Summon Ice Beast               Ice/Summoning                4
Comestibles
 c - 5 rations


   Skills:
 + Level 0.3 Fighting
 * Level 3.1 Dodging
 * Level 2.4 Stealth
 * Level 2.5 Spellcasting
 + Level 4.3 Summonings


You had 6 spell levels left.
You knew the following spells:

 Your Spells              Type           Power        Failure   Level  Hunger
a - Summon Small Mammal   Summ           ##..         3%          1    #......


Dungeon Overview and Level Annotations

Branches:
Dungeon (3/15)

Altars:
Xom
Zin


Message History

The crimson imp hits you.
Your quokka bites the crimson imp.
You barely miss the crimson imp.
The crimson imp is heavily wounded.
Your bat misses the crimson imp.
Your bat closely misses the crimson imp.
Your rat closely misses the crimson imp.
Your quokka bites the crimson imp.
The crimson imp hits you.
* * * LOW HITPOINT WARNING * * *
You swap places.
Your rat disappears in a puff of smoke!
Your bat hits the crimson imp but does no damage.
Your quokka bites the crimson imp.
The crimson imp hits you.
* * * LOW HITPOINT WARNING * * *
Your bat hits the crimson imp but does no damage.
Your bat barely misses the crimson imp.
Your bat misses the crimson imp.
Your quokka bites the crimson imp but does no damage.
Your bat completely misses the crimson imp.
Your quokka closely misses the crimson imp.
The crimson imp hits you.
You die...

#.#...# #.....#
#.<.# ##.##
##### #.# #.#.#
#.# #.#.# #.#
#.5.####.#
+@r.b.##.#
#.ยง.#.##.# #
#.#.#...#..#
#.#.#..###.#
#######.#.#####
##......#
######.#


You could see a crimson imp, a friendly quokka and a friendly bat.

Vanquished Creatures
  2 leopard geckos (D:2)
  2 giant cockroaches
  4 goblins
  2 bats (D:1)
  A frilled lizard (D:1)
  2 kobolds
  3 rats (D:1)
16 creatures vanquished.

Vanquished Creatures (collateral kills)
  A leopard gecko (D:1)
  A ball python (D:1)
  5 hobgoblins (D:1)
  3 kobolds (D:1)
  A frilled lizard (D:1)
  A rat (D:1)
12 creatures vanquished.

Grand Total: 28 creatures vanquished

Notes
Turn   | Place    | Note
-------+----------+-------------------------------------------
     0 | D:1      | Evaline the Merfolk Summoner began the quest for the Orb.
     0 | D:1      | Reached XP level 1. HP: 13/13 MP: 3/3
   803 | D:1      | Reached XP level 2. HP: 8/19 MP: 1/5
  1650 | D:2      | Found a glowing silver altar of Zin.
  1724 | D:2      | Reached XP level 3. HP: 15/24 MP: 6/6
  2280 | D:3      | Found a shimmering altar of Xom.
  2334 | D:3      | Slain by a crimson imp

Skill      XL: |  1  2 |
---------------+-------+-----
Dodging        | 3 |  3.1
Fighting       | |  0.3
Stealth        | |  2.4
Spellcasting   | |  2.5
Summonings     | |  4.3

Action                   || total
-------------------------++-------
Melee: Unarmed           ||    48
       Dagger            ||    49
       Club              ||    30
       Short sword       ||    29
 Cast: Summon Small Mamm ||    38
 Stab: Sleeping          ||     3
       Distracted        ||     2
  Eat: Chunk             ||     5
Armor: Robe              ||    34
Dodge: Dodged            ||   142
